AoeStats
← HannibalLector

Black Forest

505473965Analyzed
3v3 RM · 22d ago on Sep 9, 2026· 48m 44s· 6 players
Game mode
Random Map
Map size
Normal (6 player)
Population
200
Speed
Normal
Resources
Standard
Victory
Conquest
Starting age
Dark Age
Ending age
Imperial Age
RankedLock teamsTeams togetherTeam positionsShared explorationLock speedFull tech treeHidden civsTurbo modeCheats
Victory
Defeat
🇫🇮 Bengalis · Finland
623
+14
🇸🇦 Huns · Saudi Arabia
601
+15
🇭🇰 Wei · Hong Kong SAR China
584
+16
🇩🇪 Byzantines · Germany
674
-19
🇬🇧 Saracens · United Kingdom
546
-14
🇨🇭 Vietnamese · Switzerland
513
-12
xTc
11:39 Feudal Age
12:14 Horse Collar
12:20 Double-Bit Axe
16:41 Wheelbarrow
18:28 Castle Age
17:51 Gold Mining
22:07 Bow Saw
22:30 Heavy Plow
24:18 Wheelbarrow
25:16 Gold Shaft Mining
27:34 Padded Archer Armor
27:25 Fletching
27:45 Forging
31:57 Leather Archer Armor
31:37 Bodkin Arrow
40:21 Ballistics
40:44 Iron Casting
42:46 Imperial Age
41:40 Caravan
44:24 Heavy Cavalry Archer
45:32 Parthian Tactics
47:36 Atheism
47:17 Marauders
ApoC
0:53 Loom
17:25 Feudal Age
19:17 Man-at-Arms
23:53 Double-Bit Axe
23:58 Arson
25:02 Bloodlines
27:16 Gold Mining
29:59 Scale Mail Armor
29:48 Horse Collar
30:08 Stone Mining
38:15 Forging
37:56 Fletching
40:43 Padded Archer Armor
40:49 Scale Barding Armor
44:34 Castle Age
42:20 Town Watch
45:36 Bow Saw
46:02 Chain Mail Armor
45:37 Gambesons
45:13 Long Swordsman
47:04 Husbandry
47:07 Squires
东哥
0:35 Loom
13:06 Feudal Age
14:39 Wheelbarrow
14:25 Double-Bit Axe
16:25 Horse Collar
21:03 Stone Mining
24:31 Gold Mining
28:14 Castle Age
27:45 Town Watch
29:14 Hand Cart
29:16 Bow Saw
29:09 Heavy Plow
29:49 Stone Shaft Mining
29:52 Gold Shaft Mining
31:59 Husbandry
33:15 Treadmill Crane
37:07 Imperial Age
35:19 Bloodlines
36:51 Tuntian
37:06 Forging
37:02 Scale Barding Armor
37:05 Caravan
37:21 Light Cavalry
38:52 Thumb Ring
39:55 Town Patrol
40:51 Conscription
41:22 Crop Rotation
41:52 Murder Holes
42:08 Masonry
42:26 Chain Barding Armor
41:58 Fletching
42:10 Padded Archer Armor
44:14 Iron Casting
43:35 Bodkin Arrow
44:46 Chemistry
43:37 Heated Shot
44:02 Fortified Wall
45:38 Parthian Tactics
47:34 Blast Furnace
46:34 Bracer
46:50 Leather Archer Armor
46:19 Heavy Hei Guang Cavalry
47:42 Ming Guang Armor
Max PaUra
0:39 Loom
17:51 Feudal Age
32:28 Wheelbarrow
40:13 Town Watch
41:09 Double-Bit Axe
46:24 Castle Age
44:29 Fletching
Sex_Offender_69
6:28 Loom
11:33 Feudal Age
20:09 Castle Age
28:40 Elite Skirmisher
30:10 Murder Holes
34:22 Stone Mining
HannibalLector
3:00 Loom
Connection lost

Rejoining the realm…

Still unreachable

The connection could not be restored.

Session expired

The server has moved on; the page needs a fresh start.